 Dungeon Crawl Stone Soup version 0.19-a0-1821-g42c593c (webtiles) character file.

28592 4thArraOfDagon the Impaler (level 13, -3/107 HPs)
             Began as a Minotaur Monk on Oct 6, 2016.
             Was the Champion of Okawaru.
             Drowned by a drowned soul (15 damage)
             ... summoned by a merfolk avatar
             ... on level 6 of the Lair of Beasts.
             The game lasted 00:23:49 (4133 turns).

4thArraOfDagon the Impaler (Minotaur Monk)          Turns: 4133, Time: 00:23:50

Health: -3/107     AC: 14    Str: 20    XL:     13   Next: 10%
Magic:  27/28      EV: 32    Int: 11    God:    Okawaru [******]
Gold:   383        SH:  2    Dex: 22    Spells: 3 memorised, 4 levels left

rFire  . . .     SeeInvis +     n - +9 halberd of Annihilation {venom, rElec MR+ Str+2 Stlth+}
rCold  . . .     Gourm    .     o - +0 troll leather armour
rNeg   . . .     Faith    .     (shield currently unavailable)
rPois  +         Spirit   .     K - +0 hat {SInv}
rElec  +         Dismiss  .     F - +1 cloak {rPois}
rCorr  .         Reflect  +     B - +1 pair of gloves {Dex+3}
MR     +....     Harm     .     q - +0 pair of boots of Gukhlaig {Slay+3}
Stlth  +++.......               d - +2 amulet of reflection
                                p - ring of magical power
                                Q - ring of see invisible

@: agile, heroism, finesse, mesmerised
A: retaliatory headbutt, horns 2, strong 1
a: Heroism, Finesse, Renounce Religion


You were on level 6 of the Lair of Beasts.
You worshipped Okawaru.
Okawaru was exalted by your worship.
You were hungry.

You visited 3 branches of the dungeon, and saw 18 of its levels.
You also visited: Ossuary and Bailey.

You collected 578 gold pieces.
You spent 195 gold pieces at shops.

Inventory:

Hand Weapons
 a - a +1 falchion
 n - the +9 halberd of Annihilation (weapon) {venom, rElec MR+ Str+2 Stlth+}
   (You found it on level 7 of the Dungeon)

   It poisons the flesh of those it strikes.
   It affects your strength (+2).
   It insulates you from electricity.
   It affects your resistance to hostile enchantments.
   It makes you more stealthy.
 C - a +1 triple sword of holy wrath
Armour
 b - a +0 robe
 e - a +2 cloak
 f - a +0 ring mail
 k - a +5 chain mail
 o - a +0 troll leather armour (worn)
 q - the +0 pair of boots of Gukhlaig (worn) {Slay+3}
   (You found it on level 7 of the Dungeon)

   It affects your accuracy and damage with ranged weapons and melee attacks
   (+3).
 z - a +0 pair of gloves
 B - a +1 pair of gloves of dexterity (worn)
 F - a +1 cloak of poison resistance (worn)
 K - a +0 hat of see invisible (worn)
 T - the +1 pair of boots of Suifem {+Blink, unknown}
   (Okawaru gifted it to you on level 6 of the Lair of Beasts)

   It lets you blink.
Jewellery
 d - a +2 amulet of reflection (around neck)
 p - a ring of magical power (right hand)
 y - an uncursed amulet of magic regeneration
 Q - a ring of see invisible (left hand)
Wands
 i - a wand of paralysis (9/24)
 l - a wand of paralysis (13/24)
 t - a wand of iceblast (4/15)
 E - a wand of lightning (6/15)
 P - a wand of acid (8/15)
Scrolls
 h - 7 scrolls of teleportation
 s - 5 scrolls of remove curse
 v - 2 scrolls of immolation
 w - 4 scrolls of enchant weapon
 A - a scroll of holy word {unknown}
 J - a scroll of amnesia
 M - a scroll of recharging
 O - 5 scrolls of fog {unknown}
Potions
 j - 4 potions of haste
 m - a potion of curing
 u - a potion of agility
 x - 4 potions of brilliance {unknown}
 H - 2 potions of lignification {unknown}
 I - a potion of berserk rage {unknown}
 L - a potion of resistance {unknown}
 N - a potion of degeneration {unknown}
 R - a potion of invisibility {unknown}
Books
 S - a book of Spatial Translocations

   Spells                             Type                      Level
   a - Blink                          Translocation                2
   b - Shroud of Golubria             Charms/Translocation         2
   c - Lesser Beckoning               Translocation                3
   d - Portal Projectile              Translocation                3
   e - Teleport Other                 Translocation                3
   f - Passage of Golubria            Translocation                4
Miscellaneous
 D - a sack of spiders
Comestibles
 c - 7 bread rations
 r - 4 meat rations
 G - a beef jerky
 U - a chunk of flesh


   Skills:
 + Level 7.7(12.7) Fighting
 - Level 5.9(10.9) Long Blades
 * Level 15.0(20.0) Polearms
 + Level 11.5(16.5) Armour
 + Level 11.2(16.2) Dodging
 - Level 1.5(6.5) Stealth
 + Level 9.7 Invocations


You had 4 spell levels left.
You knew the following spells:

 Your Spells              Type           Power        Failure   Level  Hunger
a - Passwall              Tmut/Erth      #.........   63%         2    ###....
b - Blink                 Tloc           N/A          63%         2    ###....
c - Passage of Golubria   Tloc           N/A          100%        4    #####..


Dungeon Overview and Level Annotations

Branches:
Dungeon (11/15)            Temple (1/1) D:5            Lair (6/6) D:11
 Spider (0/4) Lair:2
  Swamp: Lair:2-4    Shoals: Lair:2-4     Slime: Lair:5-6       Orc: D:9-12

Altars:
Ashenzari
Cheibriados
Dithmenos
Elyvilon
Fedhas
Gozag
Hepliaklqana
Kikubaaqudgha
Makhleb
Nemelex Xobeh
Okawaru
Qazlal
Sif Muna
Uskayaw
Vehumet
Yredelemnul
Zin
The Shining One

Shops:
D:5 [=}*   D:8 }

Portals:
Trove: D:11 (give +3 gold dragon armour)


Innate Abilities, Weirdness & Mutations

You reflexively headbutt those who attack you in melee.
You have a pair of horns on your head.
Your muscles are strong. (Str +2)


Message History

Unknown command.
Unknown command.
Unknown command.
Unknown command.
Okay, then.
Unknown command.
Okay, then.
Unknown command.
Unknown command.
Unknown command.
You feel better.
The water moccasin completely misses you.
The merfolk avatar chants its luring song.
The drowned soul touches you. The drowned soul drowns you!
* * * LOW HITPOINT WARNING * * *
Unknown command.
You feel better. The water moccasin barely misses you.
The merfolk avatar chants its luring song.
The drowned soul touches you. The drowned soul drowns you!
You die...

≈##≈###################≈≈P#..#.
# #≈ #≈≈≈≈≈≈≈≈≈8#.P≈#≈#≈.... .
#≈≈≈≈≈≈≈≈≈≈#≈≈≈≈≈≈≈≈...
#≈≈≈≈≈≈≈≈P≈#≈≈≈≈P≈≈≈...
P#≈≈≈≈≈≈≈≈≈≈#≈≈≈≈≈≈#...P
≈≈≈≈≈$$!:≈≈≈#P≈≈#≈##≈≈#.
≈≈≈≈≈)W≈$≈≈≈#≈≈≈≈≈≈≈≈≈≈#
≈≈≈≈≈?m≈=≈≈†#≈≈≈≈≈≈≈.#≈†
≈≈≈≈≈}S@W≈#≈.≈≈≈#≈##≈...
≈#≈≈≈≈≈≈≈≈≈†#≈≈≈≈≈≈≈≈...
#≈≈≈≈≈≈#≈≈≈#≈≈≈≈≈≈≈≈...
#≈≈≈##≈≈≈≈≈#≈≈≈≈≈≈≈≈...
#8≈≈≈≈≈≈≈≈.#≈≈≈#≈##....
####....########≈##†#..
≈≈≈#≈≈≈≈≈≈≈≈≈≈≈†....
≈≈≈≈≈≈≈≈≈≈≈≈≈≈≈†≈...
##S≈##≈P≈#≈...


You could see a merfolk avatar, a water moccasin and 2 drowned souls.

Vanquished Creatures
  An orc warlord (Bailey)
  The ghost of Nattefrost the Cleaver, a journeyman DDFi of Makhleb (Lair:1)
  A centaur warrior (D:9)
  2 hydras
  Pikel (D:9)
  A hill giant (D:11)
  An orc knight (Bailey)
  2 manticores (Lair:6)
  4 harpies (Lair:6)
  3 elephants (Lair:6)
  6 spiny frogs (Lair:6)
  A centaur skeleton (D:11)
  4 komodo dragons
  4 rime drakes (Lair:6)
  A jumping spider (Lair:2)
  3 trolls
  A hornet (D:11)
  A wind drake (Lair:6)
  3 polar bears (Lair:6)
  9 blink frogs
  6 hippogriffs
  2 wyverns (Lair:6)
  24 yaks
  A hungry ghost (D:11)
  Grum (D:9)
  A basilisk (Lair:6)
  9 water moccasins
  A porcupine (Lair:2)
  4 orc warriors
  A phantom (D:8)
  5 ice beasts
  A black bear (D:11)
  A necrophage (D:10)
  An ogre (D:8)
  9 wolves
  8 centaurs
  5 crocodiles
  A big kobold (D:8)
  9 bullfrogs
  A scorpion (D:7)
  9 killer bees
  5 wights (D:8)
  3 howler monkeys
  An electric eel (D:11)
  2 bullfrog zombies
  3 centaur zombies (Ossuary)
  3 crimson imps
  2 human zombies (Ossuary)
  3 bullfrog skeletons
  A jelly (D:7)
  4 orc priests
  4 hounds
  6 orc wizards
  2 iguanas
  3 worker ants
  3 mummies (Ossuary)
  2 howler monkey zombies
  3 worker ant zombies
  16 gnolls
  7 adders
  3 adder skeletons
  5 leopard geckos
  18 orcs
  A ball python (D:6)
  2 bats
  2 giant cockroaches
  2 goblins (Bailey)
  3 hobgoblins (Bailey)
  3 jackals (D:1)
  17 kobolds
  A quokka (D:2)
  A frilled lizard (D:5)
  2 goblin zombies (D:8)
  5 rats
288 creatures vanquished.

Vanquished Creatures (others)
  2 kobolds (Bailey)
  A fungus (Lair:6)
  8 plants
11 creatures vanquished.

Grand Total: 299 creatures vanquished

Notes
Turn   | Place    | Note
-------+----------+-------------------------------------------
     0 | D:1      | 4thArraOfDagon the Minotaur Monk began the quest for the Orb.
     0 | D:1      | Reached XP level 1. HP: 19/19 MP: 0/0
   171 | D:1      | Reached XP level 2. HP: 27/27 MP: 1/1
   217 | D:2      | Reached skill level 1 in Armour
   318 | D:3      | Reached XP level 3. HP: 33/33 MP: 2/2
   472 | D:4      | Found a burning altar of Makhleb.
   481 | D:4      | Reached XP level 4. HP: 31/41 MP: 3/3
   535 | D:5      | Entered Level 5 of the Dungeon
   535 | D:5      | Found a staircase to the Ecumenical Temple.
   566 | Temple   | Entered the Ecumenical Temple
   654 | Temple   | Became a worshipper of Warmaster Okawaru
   654 | Temple   | Reached * piety under Okawaru
   654 | Temple   | Reached ** piety under Okawaru
   722 | D:5      | Reached skill level 5 in Long Blades
   728 | D:5      | Found Zutain's Armour Shoppe.
   739 | D:5      | Noticed a centaur
   751 | D:5      | Killed a centaur
   751 | D:5      | Reached XP level 5. HP: 29/47 MP: 1/4
   786 | D:5      | Found an opulent altar of Gozag.
   846 | D:5      | Found Fuop's General Store.
   852 | D:5      | Bought a scroll of identify for 20 gold pieces
   886 | D:5      | Found Atyghum's Gadget Shoppe.
   898 | D:5      | Reached skill level 1 in Invocations
   957 | D:6      | Reached skill level 5 in Fighting
  1017 | D:6      | Reached XP level 6. HP: 44/56 MP: 5/5
  1020 | D:6      | Noticed an orc warrior
  1037 | D:7      | Noticed a troll
  1037 | D:7      | Noticed an ice beast
  1044 | D:7      | Got a faintly glowing halberd
  1045 | D:7      | Identified the +9 halberd of Annihilation {venom, rElec MR+ Str+2 Stlth+} (You found it on level 7 of the Dungeon)
  1059 | D:7      | Killed an ice beast
  1059 | D:7      | Reached skill level 1 in Polearms
  1060 | D:7      | Killed a troll
  1060 | D:7      | Reached *** piety under Okawaru
  1060 | D:7      | Reached skill level 3 in Polearms
  1060 | D:7      | Reached XP level 7. HP: 39/61 MP: 3/7
  1108 | D:7      | Reached skill level 5 in Dodging
  1120 | D:7      | Found a stormy altar of Qazlal.
  1137 | D:7      | Reached skill level 4 in Polearms
  1144 | D:7      | Reached **** piety under Okawaru
  1201 | D:7      | Learned a level 2 spell: Passwall
  1217 | D:7      | Reached skill level 5 in Polearms
  1217 | D:7      | Reached XP level 8. HP: 56/68 MP: 9/9
  1249 | D:7      | Got a pair of distressingly furry boots
  1255 | D:7      | Identified the cursed +0 pair of boots of Gukhlaig {Slay+3} (You found it on level 7 of the Dungeon)
  1346 | D:8      | Noticed a troll
  1351 | D:8      | Killed a troll
  1351 | D:8      | Reached skill level 6 in Polearms
  1351 | D:8      | Reached skill level 5 in Armour
  1381 | D:8      | Found a sand-covered staircase.
  1388 | Ossuary  | Entered an ossuary
  1544 | D:8      | Reached ***** piety under Okawaru
  1544 | D:8      | Reached skill level 7 in Polearms
  1579 | D:8      | Reached XP level 9. HP: 60/74 MP: 11/11
  1694 | D:8      | Turgon: Mhmm, only a halberd - but not a bad one
  1724 | D:8      | Found Powogi's Gadget Boutique.
  1808 | D:8      | Reached skill level 8 in Polearms
  1852 | D:8      | Found a flagged portal.
  1861 | Bailey   | Entered a bailey
  1869 | Bailey   | Noticed an orc warlord
  1895 | Bailey   | Reached skill level 5 in Invocations
  1908 | Bailey   | Found a runed gate.
  1908 | Bailey   | Found a runed gate.
  1908 | Bailey   | Found a runed gate.
  1957 | Bailey   | Killed an orc warlord
  1957 | Bailey   | Received a gift from Okawaru
  1957 | Bailey   | Reached skill level 9 in Polearms
  1957 | Bailey   | Reached XP level 10. HP: 76/81 MP: 13/13
  1974 | Bailey   | Gained mutation: Your muscles are strong. (Str +2) [potion of beneficial mutation]
  1983 | Bailey   | Noticed an orc knight
  1997 | Bailey   | Killed an orc knight
  1997 | Bailey   | Reached skill level 10 in Polearms
  2217 | D:5      | Found Hioduwn's Jewellery Emporium.
  2258 | D:5      | Bought a +1 cloak of poison resistance for 175 gold pieces
  2384 | D:9      | Found a shadowy altar of Dithmenos.
  2432 | D:10     | Entered Level 10 of the Dungeon
  2444 | D:9      | Found a hazy altar of Hepliaklqana.
  2549 | D:10     | Reached skill level 11 in Polearms
  2554 | D:10     | Received a gift from Okawaru
  2565 | D:10     | Reached ****** piety under Okawaru
  2602 | D:9      | Found an ancient bone altar of Kikubaaqudgha.
  2626 | D:9      | Reached XP level 11. HP: 67/86 MP: 15/15
  2680 | D:9      | Noticed a centaur warrior
  2681 | D:9      | Noticed Grum
  2688 | D:9      | Killed a centaur warrior
  2705 | D:9      | Killed Grum
  2705 | D:9      | Reached skill level 12 in Polearms
  2772 | D:9      | Noticed Pikel
  2778 | D:9      | Killed Pikel
  2946 | D:11     | Found a staircase to the Lair.
  3003 | D:11     | Noticed a five-headed hydra
  3014 | D:11     | Killed a nine-headed hydra
  3022 | D:11     | Noticed a hill giant
  3033 | D:11     | Killed a hill giant
  3050 | D:11     | Found a portal to a secret trove of treasure.
  3180 | Lair:1   | Entered Level 1 of the Lair of Beasts
  3215 | Lair:1   | Noticed Nattefrost's ghost (journeyman DDFi)
  3283 | Lair:1   | Killed Nattefrost's ghost
  3283 | Lair:1   | Received a gift from Okawaru
  3283 | Lair:1   | Reached skill level 13 in Polearms
  3283 | Lair:1   | Reached skill level 10 in Armour
  3393 | Lair:2   | Reached skill level 10 in Dodging
  3399 | Lair:2   | Found a hole to the Spider Nest.
  3426 | Lair:2   | Learned a level 2 spell: Blink
  3431 | Lair:2   | Learned a level 4 spell: Passage of Golubria
  3515 | Lair:3   | Reached XP level 12. HP: 92/94 MP: 17/17
  3682 | Lair:6   | Entered Level 6 of the Lair of Beasts
  3857 | Lair:6   | Received a gift from Okawaru
  3858 | Lair:6   | Got a pair of slimy boots {god gift}
  3879 | Lair:6   | Noticed a five-headed hydra
  3884 | Lair:6   | Reached skill level 14 in Polearms
  4011 | Lair:6   | Noticed a six-headed hydra
  4023 | Lair:6   | Killed an 11-headed hydra
  4071 | Lair:6   | Noticed a merfolk avatar
  4092 | Lair:6   | Reached XP level 13. HP: 78/105 MP: 19/19
  4104 | Lair:6   | Reached skill level 15 in Polearms
  4132 | Lair:6   | 4thArraOfDagon: bye
  4132 | Lair:6   | HP: 5/107 [drowned by a drowned soul[a merfolk avatar] (16)]
  4133 | Lair:6   | Drowned by a drowned soul

Vault maps used:
D:1:      doesnt_arrival_goblin_jail
D:2:      st_stairs_10, uniq_sigmund, uniq_terence, uniq_jessica
D:3:      first_bread
D:4:      makhleb_heckhound_becter, uniq_duvessa, uniq_blork_the_orc
D:5:      serial_shops, shop, shop, shop_fountains, kennysheep_mini,
          nicolae_gozag_seed_capital
D:6:      minivault_4
D:7:      overflow_temple_1_default
D:8:      enter_ossuary_4, serial_shops, shop, enter_bailey_2
D:9:      nicolae_overflow_hidden_temple, basic_altar, uniq_pikel, uniq_psyche,
          uniq_grum
D:10:     basic_altar
D:11:     kennysheep_orc_monster_closet_entryway, enter_trove_0
Temple:   dpeg_five_rooms_temple
Lair:1:   lemuel_fruit_fields
Lair:2:   spider_nest_entry_a, uniq_erica
Lair:3:   minmay_shoals_entry_beasts, special_room, grunt_megastairs_5,
          lemuel_fruit_tree, uniq_sonja
Lair:4:   regret_index_tunnel_blossom
Lair:5:   beast_lair_carwin_large_1, slime_altar_2, serial_bayou_pond_a
Lair:6:   gammafunk_lair_ancient_temple, grunt_megastairs_4, uniq_rupert
Ossuary:  ossuary_minmay_four_chambers
Bailey:   bailey_axe_bossmonster_kennysheep, bailey

Skill      XL: |  1  2  3  4  5  6  7  8  9 10 11 12 13 |
---------------+----------------------------------------+-----
Long Blades    | 4 5 |  5.9
Fighting       | 4 5 7 |  7.7
Armour         | 1 2 3 4 5 7 8 10 11 | 11.5
Dodging        | 4 5 6 7 9 10 11 | 11.2
Invocations    | 1 2 3 4 5 7 8 9 |  9.7
Polearms       | 3 5 7 9 11 13 14 15 | 15.0
Stealth        | |  1.5

Action                   |  1- 3 |  4- 6 |  7- 9 | 10-12 | 13-15 || total
-------------------------+-------+-------+-------+-------+-------++-------
Melee: Falchion          |    56 |    43 |       |       |       ||    99
       Headbutt          |    11 |     8 |    29 |   102 |     6 ||   156
       Punch             |       |     1 |       |       |       ||     1
       Halberd           |       |     7 |   166 |   465 |    31 ||   669
Invok: Heroism           |       |     3 |     8 |    21 |       ||    32
       Finesse           |       |       |     1 |     8 |       ||     9
Evoke: Wand              |       |       |     1 |     2 |       ||     3
  Use: Scroll            |     4 |     6 |     4 |     8 |       ||    22
       Potion            |       |       |       |     3 |     4 ||     7
 Stab: Sleeping          |     2 |       |       |       |       ||     2
       Paralysed         |       |       |     2 |     1 |       ||     3
  Eat: Chunk             |       |       |     4 |     3 |       ||     7
       Fruit             |       |       |       |     4 |       ||     4
Armor: Robe              |    16 |       |       |       |       ||    16
       Ring mail         |     6 |       |       |       |       ||     6
       Chain mail        |       |    28 |    90 |    94 |       ||   212
       Troll leather arm |       |       |       |    31 |    13 ||    44
Dodge: Dodged            |    53 |    30 |    84 |   289 |     5 ||   461
Block: Other             |       |       |     6 |    33 |     2 ||    41
       Reflection        |       |       |     3 |     1 |       ||     4
       Rpst.: Falchion   |    10 |     8 |       |       |       ||    18
